 Dungeon Crawl Stone Soup version 0.29.1-12-g30fa7ad0bf (webtiles) character file.

Game seed: 15797894430857120549

2732 croobank the Protected (level 9, -13/82 HPs)
             Began as a Minotaur Fighter on Dec 24, 2022.
             Mangled by an orc knight
             ... wielding a +0 glaive
              (19 damage)
             ... in a bailey.
             The game lasted 00:13:52 (6538 turns).

croobank the Protected (Minotaur Fighter)           Turns: 6538, Time: 00:13:52

Health: -13/82     AC: 13    Str: 25    XL:     9   Next: 40%
Magic:  8/8        EV:  7    Int:  5    God:
Gold:   385        SH: 10    Dex: 10    Spells: 8/8 levels left

rFire   . . .      SeeInvis .   a - +1 war axe (elec)
rCold   . . .      Faith    .   b - +0 kite shield
rNeg    . . .      Spirit   .   r - +0 chain mail of Hedonism {Stlth+}
rPois   .          Reflect  .   (helmet restricted)
rElec   .          Harm     .   g - +0 cloak
rCorr   .          Rampage  .   (no gloves)
Will    .....                   s - +0 pair of boots
Stlth   ..........              (no amulet)
HPRegen 0.23/turn               u - +4 ring of slaying
MPRegen 0.11/turn               (no ring)

@: hasted, very quick
A: horns 2, retaliatory headbutt
a: no special abilities


You were in a bailey.
You visited 1 branch of the dungeon, and saw 7 of its levels.
You also visited: Bailey.

You collected 385 gold pieces.

Inventory:

Hand Weapons
 a - a +1 war axe of electrocution (weapon)
 o - a +0 long sword
Missiles
 e - 5 boomerangs
 l - 6 javelins (quivered)
Armour
 b - a +0 kite shield (worn)
 g - a +0 cloak (worn)
 r - the +0 chain mail of Hedonism (worn) {Stlth+}
   (You found it on level 6 of the Dungeon)

   Stlth:     It makes you more stealthy.
 s - a +0 pair of boots (worn)
Jewellery
 m - a ring of ice
 u - a +4 ring of slaying (left hand)
Scrolls
 f - a scroll of poison
 i - a scroll of teleportation
Potions
 d - a potion of mutation
 k - a potion of degeneration {unknown}
 p - a potion of cancellation {unknown}
 q - a potion of curing
 t - a potion of magic {unknown}


   Skills:
 + Level 8.5 Fighting
 + Level 8.1 Axes
 + Level 8.6 Armour
 + Level 8.6 Shields


You had 8 spell levels left.
You didn't know any spells.
Your spell library contained the following spells:

 Spells                   Type           Power      Damage    Failure   Level
 Shock                    Conj/Air       0%         1d3       100%        1
 Sting                    Tmut/Pois      0%         1d3       100%        1
 Blink                    Tloc           0%         N/A       100%        2
 Poisonous Vapours        Pois/Air       0%         N/A       100%        2
 Lesser Beckoning         Tloc           0%         N/A       100%        3
 Summon Guardian Golem    Hex/Summ       0%         N/A       100%        3
 Swiftness                Air            0%         N/A       100%        3
 Airstrike                Air            0%         2d(0-16)  100%        4
 Animate Armour           Summ/Erth      0%         N/A       100%        4
 Olgreb's Toxic Radiance  Pois           0%         N/A       100%        4
 Blade Hands              Tmut           0%         N/A       100%        5
 Manifold Assault         Tloc           0%         N/A       100%        5
 Iron Shot                Conj/Erth      0%         9d1       100%        6
 Orb of Destruction       Conj           0%         9d5       100%        7
 Spellforged Servitor     Conj/Summ      0%         N/A       100%        7


Dungeon Overview and Level Annotations

Branches:
Dungeon (7/15)             Bailey (1/1)
 Temple: D:4-7

Altars:
Ashenzari
Elyvilon
Xom

Annotations:
D:7 Maggie Bailey 2 runed translucent doors


Innate Abilities, Weirdness & Mutations

You have a pair of horns on your head.
You reflexively headbutt those who attack you in melee.


Message History

The orc barely misses you.
You slice the orc!!
You kill the orc!
There is a large open door here.
You now have 385 gold pieces (gained 16).
Okay, then.
An orc knight comes into view. It is wielding a +0 glaive.
The deep elf pyromancer shouts!
Found nine items.
As you read the scroll labelled HOOFFIS VISU, it crumbles to dust.
It is a scroll of amnesia.
You feel forgetful for a moment.
Unknown command.
You aren't carrying any items that you can evoke.
Unknown command.
Okay, then.
You feel yourself speed up.
You slash the orc knight! You headbutt the orc knight!
The orc knight is moderately wounded.
You block the orc knight's attack.
You closely miss the orc knight.
The orc knight is moderately wounded.
The orc knight hits you with a +0 glaive!
You hit the orc knight.
The orc knight is moderately wounded.
The orc knight hits you with a +0 glaive!
You hit the orc knight. Your headbutt misses the orc knight.
The orc knight is moderately wounded.
The orc knight hits you with a +0 glaive!!
You slash the orc knight!
Lightning courses through the orc knight!
You headbutt the orc knight!
The orc knight is almost dead.
The orc knight hits you with a +0 glaive!!
* * * LOW HITPOINT WARNING * * *
Okay, then.
You hit the orc knight but do no damage.
The orc knight is almost dead.
The orc knight hits you with a +0 glaive!!
You die...

### ### ##.$ .... ....
8... ...# ##++# #..#
#....##..#
#..#......#o.# #..#.
#.e#@.# #..# #..#..#
#..#[$??[[#..#
#..##$=!!##..#
#..########..#
##...8....8...##
#..............###
♣♣♣♣#..####''####..#.##
≈≈..####......).####..#


You could see an orc knight and a deep elf pyromancer.

Vanquished Creatures
  Grinder (D:4)
  A wyvern (D:3)
  4 yaks (D:6)
  A water moccasin (D:6)
  An ice beast (D:5)
  5 orc warriors
  A phantom (D:4)
  Blork the orc (D:5)
  A kobold brigand (D:5)
  A gnoll sergeant (D:6)
  3 scorpions
  2 howler monkeys
  5 hounds
  5 orc priests
  A jelly (D:5)
  4 orc wizards
  5 gnolls (D:6)
  4 adders
  A shadow imp (D:5)
  An ufetubus (D:5)
  2 dart slugs (D:4)
  23 orcs
  4 endoplasms
  2 giant cockroaches
  6 hobgoblins
  10 jackals
  2 quokkas
  3 ball pythons
  8 bats
  A frilled lizard (D:2)
  14 goblins
  11 kobolds
  3 rats
137 creatures vanquished.

Vanquished Creatures (others)
  A plant (D:5)
1 creature vanquished.

Grand Total: 138 creatures vanquished

Notes
Turn   | Place    | Note
-------+----------+-------------------------------------------
     0 | D:1      | croobank the Minotaur Fighter began the quest for the Orb.
     0 | D:1      | Reached XP level 1. HP: 19/19 MP: 0/0
   220 | D:1      | Reached XP level 2. HP: 27/27 MP: 1/1
   299 | D:1      | You fall into a shaft and drop 1 floor!
  1034 | D:3      | Reached XP level 3. HP: 8/33 MP: 2/2
  1411 | D:2      | Reached XP level 4. HP: 32/40 MP: 3/3
  1547 | D:2      | Reached XP level 5. HP: 47/47 MP: 4/4
  2628 | D:4      | Reached skill level 5 in Armour
  2681 | D:4      | Reached skill level 5 in Shields
  2747 | D:4      | Reached skill level 5 in Fighting
  2749 | D:4      | Reached XP level 6. HP: 48/56 MP: 5/5
  2929 | D:4      | Noticed Grinder
  2929 | D:4      | Noticed a wyvern
  2944 | D:3      | Killed a wyvern
  3317 | D:4      | Reached skill level 5 in Axes
  3317 | D:4      | Reached XP level 7. HP: 62/62 MP: 6/6
  3324 | D:4      | Killed Grinder
  3747 | D:5      | Entered Level 5 of the Dungeon
  4175 | D:5      | Found a broken altar of Ashenzari.
  4205 | D:5      | Found a white marble altar of Elyvilon.
  4487 | D:5      | Noticed Blork the orc
  4496 | D:5      | Killed Blork the orc
  4501 | D:5      | Reached XP level 8. HP: 58/71 MP: 7/7
  4770 | D:6      | Found a shimmering altar of Xom.
  4785 | D:6      | Identified the +0 chain mail of Hedonism {Stlth+}
  4790 | D:6      | Identified the +0 leather armour of the Slug {Dex+4}
  5538 | D:5      | Reached XP level 9. HP: 77/81 MP: 8/8
  5760 | D:7      | Noticed Maggie
  6012 | D:7      | Found the +3 pair of seven-league boots {Rampage+∞}
  6027 | D:7      | Found a flagged portal.
  6037 | Bailey   | Entered a bailey
  6527 | Bailey   | Found a large runed translucent door.
  6527 | Bailey   | Found a large runed translucent door.
  6528 | Bailey   | Noticed an orc knight
  6528 | Bailey   | Noticed a deep elf pyromancer
  6538 | Bailey   | Mangled by an orc knight

Illustrated notes

Levels and vault maps discovered:
D:1:      saegor_arrival_under_anarchy, layout_rooms
D:2:      cheibrodos_pilgrimage, layout_loops_corners, kennysheep_generic_room_3
D:3:      layout_rooms
D:4:      layout_basic, uniq_grinder
D:5:      layout_cave_pods, elyvilon_altar_1, amcnicky_altar_gilded,
          uniq_blork_the_orc
D:6:      layout_basic, mainiacjoe_overflow_boulevard
D:7:      layout_loops_ring, minmay_temple_entry_ruins, enter_bailey_3,
          serial_glass, glass_columns_a, glass_columns_a, glass_columns_a,
          glass_columns_b, glass_columns_b, glass_columns_a, sigmund_army,
          uniq_maggie
Bailey:   bailey_polearm_elven_captive_hellmonk, bailey

Skill      XL: |  1  2  3  4  5  6  7  8  9 |
---------------+----------------------------+-----
Shields        | 4 5 6 7 8 |  8.6
Armour         | 4 5 6 8 |  8.6
Fighting       | 4 5 6 7 8 |  8.5
Axes           | 3 4 5 6 7 8 |  8.1

Action                   |  1- 3 |  4- 6 |  7- 9 || total
-------------------------+-------+-------+-------++-------
Melee: War axe           |    68 |    97 |   137 ||   302
       Headbutt          |     7 |    16 |    28 ||    51
  Use: Scroll            |     1 |     3 |    10 ||    14
       Potion            |     1 |     2 |     2 ||     5
Armor: Scale mail        |    34 |     2 |       ||    36
       Chain mail        |       |    45 |    79 ||   124
Dodge: Dodged            |    29 |    31 |    43 ||   103
Block: Buckler           |    19 |    21 |    18 ||    58
       Kite shield       |       |       |    66 ||    66
